 Dungeon Crawl Stone Soup version 0.19-a0-1079-g88a7474 (webtiles) character file.

55 Kidiri the Magician (level 3, 0/19 HPs)
             Began as a Deep Elf Fire Elementalist on Aug 6, 2016.
             Slain by a worm (11 damage)
             ... on level 2 of the Dungeon.
             The game lasted 00:04:45 (1451 turns).

Kidiri the Magician (Deep Elf Fire Elementalist)    Turns: 1451, Time: 00:04:46

Health: 0/19       AC:  2    Str:  5    XL:     3   Next: 67%
Magic:  6/11       EV: 12    Int: 20    God:
Gold:   74         SH:  0    Dex: 15    Spells: 4 memorised, 2 levels left

rFire  . . .     SeeInvis .     m - +0 dagger
rCold  . . .     Gourm    .     a - +0 robe
rNeg   . . .     Faith    .     (no shield)
rPois  .         Spirit   .     (no helmet)
rElec  .         Dismiss  .     (no cloak)
rCorr  .         Reflect  .     (no gloves)
SustAt .         Harm     .     (no boots)
MR     .....                    (no amulet)
Stlth  ++........               (no ring)
                                (no ring)

@: drained
A: no striking features
a: no special abilities


You were on level 2 of the Dungeon.
You were not hungry.

You visited 1 branch of the dungeon, and saw 2 of its levels.

You collected 74 gold pieces.

Inventory:

Hand Weapons
 f - a +2 dagger of draining
 m - a +0 dagger (weapon)
Armour
 a - a +0 robe (worn)
 h - a +0 leather armour
 o - a +0 helmet
Scrolls
 d - a scroll of enchant armour {unknown}
 g - 5 scrolls of identify {unknown}
 i - a scroll of remove curse {unknown}
 l - a scroll of blinking {unknown}
Potions
 e - 2 potions of degeneration {unknown}
 k - 3 potions of curing {unknown}
 n - a potion of cancellation {unknown}
Books
 b - a book of Flames

   Spells                             Type                      Level
   a - Flame Tongue                   Conjuration/Fire             1
   b - Throw Flame                    Conjuration/Fire             2
   c - Conjure Flame                  Conjuration/Fire             3
   d - Inner Flame                    Hexes/Fire                   3
   e - Sticky Flame                   Conjuration/Fire             4
   f - Fireball                       Conjuration/Fire             5
Comestibles
 c - 3 bread rations
 j - a slice of pizza
 p - 3 chunks of flesh


   Skills:
 - Level 2.4(1.8) Dodging
 - Level 2.4(1.8) Stealth
 * Level 4.5(3.8) Spellcasting
 + Level 2.3(1.7) Conjurations
 + Level 3.6(3.0) Fire Magic


You had 2 spell levels left.
You knew the following spells:

 Your Spells              Type           Power        Failure   Level  Hunger
a - Flame Tongue          Conj/Fire      ##...        6%          1    None
b - Throw Flame           Conj/Fire      ##....       10%         2    ##.....
c - Conjure Flame         Conj/Fire      ##......     17%         3    ###....
d - Inner Flame           Hex/Fire       #.......     24%         3    ###....


Dungeon Overview and Level Annotations

Branches:
Dungeon (2/15)

Altars:


Message History

f - a dagger of draining;
o - a helmet;
p - 3 chunks of flesh You now have 74 gold pieces (gained 7).
Unknown command.
Casting: Flame Tongue
Confirm with . or Enter, or press ? or * to list all spells.
Aiming: Flame Tongue
Press: ? - help, Shift-Dir - straight line, f - worm
Aim: a worm The flame tongue hits the worm.
The worm is lightly wounded.
Casting: Flame Tongue
Confirm with . or Enter, or press ? or * to list all spells.
Aiming: Flame Tongue
Press: ? - help, Shift-Dir - straight line, f/p - worm
Aim: a worm (lightly wounded)
The flame tongue hits the worm.
The worm is heavily wounded.
The worm bites you!
Ouch! That really hurt!
You die...

#.## ######.##.........##
#.#####...............###
##.#.....................#
#....#.######.......####.##
#.#.#..#...................
#.#..)##.####..........####
#.#.##)....####......####..
#.####<[.w...####..####....
#. #...g@(...##### .....#
#. #.......).# ..... ..
#.......### ##$.. #.....###
### . ##..### #... #....
#####


You could see a worm and a hobgoblin.

Vanquished Creatures
  Robin (D:2)
  An ooze (D:1)
  A worm (D:2)
  A dart slug (D:1)
  A ball python (D:2)
  A giant cockroach (D:2)
  3 hobgoblins
  2 kobolds (D:1)
  4 bats
  A giant newt (D:1)
  12 goblins
  4 rats
32 creatures vanquished.

Notes
Turn   | Place    | Note
-------+----------+-------------------------------------------
     0 | D:1      | Kidiri the Deep Elf Fire Elementalist began the quest for the Orb.
     0 | D:1      | Reached XP level 1. HP: 10/10 MP: 6/6
   471 | D:1      | Reached XP level 2. HP: 15/15 MP: 5/8
   479 | D:1      | Learned a level 2 spell: Throw Flame
   881 | D:2      | Noticed Robin
   890 | D:2      | Reached skill level 4 in Spellcasting
   891 | D:2      | Reached XP level 3. HP: 19/19 MP: 4/10
   911 | D:1      | Learned a level 3 spell: Conjure Flame
   915 | D:1      | Learned a level 3 spell: Inner Flame
  1441 | D:2      | Killed Robin
  1451 | D:2      | Slain by a worm

Vault maps used:
D:1:      matt_arrival_refuge
D:2:      serial_curves, eino_curves_02, eino_curves_02, minmay_misc_feat_x,
          uniq_robin

Skill      XL: |  1  2 |
---------------+-------+-----
Conjurations   | 2 |  2.3
Spellcasting   | 4 |  4.5
Dodging        | |  2.4
Stealth        | |  2.4
Fire Magic     | |  3.6

Action                   || total
-------------------------++-------
Melee: Dagger            ||     6
 Cast: Flame Tongue      ||    62
       Throw Flame       ||     3
       Conjure Flame     ||     2
  Eat: Beef jerky        ||     1
Armor: Robe              ||    13
Dodge: Dodged            ||    31
